Map: [ESL] Data-C

Players

Maru - Winner!

  • Race: Terran Terran
  • Spawn Location: 9:00

HeroMarine

  • Race: Terran Terran
  • Spawn Location: 3:00

Event: DreamHack SC2 Masters 2022 Valencia

VOD

https://youtu.be/v2JI2RXGjq0

Description

Time

  • Played on: July 2, 2022, 1:48 p.m.
  • Length: 32:00

All games in this series

Show
View Real Time Build Order
Export as new Build Order

Maru Terran - Winner!

Build Orders:  

Get SALT Encoding   

  12  0:00  SCV  
  13  0:12  SCV  
  14  0:17  Supply Depot  
  14  0:24  SCV  
  15  0:39  Barracks, SCV  
  16  0:43  Refinery  
  16  0:51  SCV  
  16  0:53  Refinery  
  17  1:03  SCV  
  18  1:15  SCV  
  19  1:26  Reaper  
  19  1:27  Orbital Command  
  19  1:31  Supply Depot  
  20  1:43  Factory  
  20  1:52  SCV  
  21  1:59  Barracks Reactor  
  21  2:05  SCV  
  22  2:17  SCV  
  22  2:21  Command Center  
  23  2:27  Hellion  
  23  2:29  SCV  
  26  2:35  Reaper  
  26  2:36  Reaper  
  28  2:41  Supply Depot  
  28  2:43  SCV  
  29  2:49  Hellion  
  31  3:00  Starport  
  31  3:02  SCV  
  32  3:10  Reaper x2  
  34  3:14  Hellion  
  34  3:16  SCV  
  37  3:21  Refinery  
  37  3:28  SCV  
  37  3:33  Orbital Command  
  38  3:38  Factory Tech Lab  
  38  3:39  Starport Tech Lab  
  38  3:40  SCV  
  39  3:42  Marine  
  39  3:43  Marine  
  41  3:52  SCV  
  42  3:58  Raven  
  42  3:59  SCV  
  45  4:03  Cyclone  
  45  4:04  SCV  
  47  4:11  SCV  
  47  4:14  Marine x2  
  47  4:16  SCV, Supply Depot  
  51  4:23  SCV  
  50  4:28  SCV  
  49  4:31  Marine  
  49  4:35  Siege Tank  
  49  4:36  SCV  
  53  4:39  Supply Depot  
  53  4:40  SCV  
  54  4:47  Raven  
  54  4:48  SCV  
  54  4:51  Command Center  
  57  4:53  SCV  
  58  5:00  SCV  
  58  5:03  Refinery  
  58  5:05  Marine, SCV, Supply Depot  
  58  5:06  Marine  
  62  5:11  Siege Tank  
  62  5:12  SCV  
  66  5:17  SCV  
  67  5:23  Supply Depot  
  67  5:24  SCV  
  68  5:29  SCV  
  69  5:36  SCV  
  69  5:42  SCV  
  71  5:43  Siege Tank  
  71  5:46  Barracks  
  71  5:48  SCV  
  71  5:49  Viking, Barracks  
  77  5:50  Viking  
  77  5:54  SCV, Supply Depot  
  80  6:01  SCV  
  82  6:05  Marine, Stimpack  
  82  6:06  Engineering Bay x2  
  82  6:07  Orbital Command  
  82  6:15  SCV x2  
  84  6:19  Siege Tank  
  84  6:22  Viking  
  84  6:24  Viking  
  91  6:27  SCV  
  91  6:28  SCV  
  91  6:32  Terran Infantry Weapons Level 1  
  93  6:35  Terran Infantry Armor Level 1  
  93  6:37  Barracks Reactor x2  
  93  6:39  Orbital Command  
  94  6:45  SCV x2  
  95  6:54  Siege Tank, Marine  
  96  7:00  Sensor Tower  
  96  7:01  SCV  
  100  7:02  SCV  
  100  7:04  SCV  
  102  7:10  Refinery  
  102  7:11  Marine  
  102  7:14  Marine x4  
  107  7:15  Supply Depot  
  107  7:16  SCV  
  107  7:17  SCV, Supply Depot  
  107  7:20  Refinery, Supply Depot  
  109  7:34  Supply Depot  
  109  7:37  SCV x2, Siege Tank, Marine x3  
  109  7:38  Marine x2  
  109  7:39  SCV  
  120  7:45  Medivac x2  
  120  7:47  Combat Shield  
  120  7:49  SCV x2  
  120  7:51  Barracks, SCV, Armory  
  127  7:53  Barracks  
  127  7:54  Marine x2  
  127  7:56  Supply Depot  
  129  8:01  SCV x2  
  131  8:07  Marine x2  
  131  8:08  Marine  
  131  8:09  Siege Tank  
  137  8:13  Supply Depot  
  137  8:15  Medivac x2  
  137  8:18  Missile Turret  
  137  8:19  Missile Turret  
  141  8:32  Marine x5, Command Center  
  146  8:39  Barracks Reactor  
  146  8:40  Supply Depot  
  146  8:42  Barracks Reactor  
  146  8:44  SCV x2  
  146  8:46  Terran Infantry Armor Level 2, Terran Infantry Weapons Level 2  
  146  8:48  Terran Vehicle Weapons Level 1  
  148  8:52  SCV, Marine x2  
  148  8:54  Missile Turret  
  148  8:57  Marine x2  
  148  9:01  Siege Tank  
  151  9:03  Factory  
  151  9:10  Marine x2  
  153  9:18  Viking x2  
  157  9:25  Missile Turret  
  157  9:26  Supply Depot, Barracks Reactor  
  157  9:28  Marine x3, Missile Turret  
  157  9:29  Marine x5  
  165  9:33  Starport x2  
  165  9:39  Command Center  
  165  9:43  SCV x2  
  167  9:59  Siege Tank  
  170  10:03  Marine  
  170  10:04  SCV x2  
  171  10:08  Siege Tank  
  171  10:09  Supply Depot  
  171  10:10  SCV, Sensor Tower  
  175  10:16  SCV  
  175  10:19  Viking  
  175  10:20  Starport Tech Lab x2  
  178  10:22  Planetary Fortress  
  178  10:23  SCV  
  177  10:29  SCV  
  177  10:33  Marine x7  
  177  10:34  Siege Tank  
  177  10:35  Refinery  
  186  10:36  Refinery  
  186  10:43  Command Center  
  186  10:47  Terran Vehicle Weapons Level 2, Command Center  
  186  10:53  Armory  
  186  10:58  Raven x2, Corvid Reactor  
  190  11:04  Terran Infantry Armor Level 3  
  189  11:22  Terran Infantry Weapons Level 3  
  189  11:24  Missile Turret  
  188  11:26  Sensor Tower  
  188  11:27  Missile Turret  
  188  11:35  Viking x2  
  192  11:49  Refinery x2  
  192  11:50  Terran Vehicle And Ship Armor Level 1  
  192  11:52  Starport  
  192  11:55  Starport  
  192  11:58  Command Center  
  192  12:00  Raven  
  192  12:01  Raven  
  196  12:07  Orbital Command  
  196  12:17  Missile Turret  
  196  12:18  Missile Turret  
  196  12:23  Viking x2  
  196  12:25  Orbital Command, Command Center  
  196  12:28  Planetary Fortress  
  200  12:30  Command Center  
  200  12:43  Raven  
  193  12:44  Raven  
  193  12:45  Starport Reactor, Starport Tech Lab  
  193  12:47  Marine  
  193  12:49  Siege Tank  
  198  13:03  Marine  
  198  13:04  Siege Tank, Marine x3  
  166  13:06  Raven  
  166  13:09  SCV  
  166  13:10  SCV x3  
  161  13:14  SCV  
  162  13:21  Viking x2  
  162  13:22  SCV x3  
  162  13:23  Viking, Planetary Fortress  
  162  13:26  Raven, SCV x3  
  176  13:27  Raven  
  176  13:32  Viking  
  180  13:39  Terran Ship Weapons Level 1  
  180  13:42  Orbital Command  
  180  13:44  Neosteel Armor  
  180  13:46  Terran Vehicle And Ship Armor Level 2  
  180  13:49  Viking  
  180  13:52  Viking  
  184  13:57  Viking  
  184  14:00  Viking  
  184  14:02  Viking  
  183  14:21  Viking x3  
  183  14:22  Viking  
  188  14:26  Viking  
  188  14:30  Viking  
  192  14:32  Viking  
  192  14:33  Command Center  
  194  14:51  Viking x2  
  181  14:56  Marine x2  
  181  14:57  Siege Tank, Marine x2  
  172  15:00  Viking x3  
  172  15:01  Siege Tank, Marine x2  
  171  15:19  Marine x8  
  171  15:21  Raven x2  
  157  15:28  Viking x2  
  160  15:30  Raven, Siege Tank  
  160  15:32  Refinery  
  160  15:33  Refinery, Siege Tank  
  160  15:34  Command Center  
  168  15:43  Marine  
  168  15:44  Marine x6  
  169  15:57  Viking  
  169  16:02  Siege Tank  
  169  16:04  Raven x2, Liberator  
  152  16:07  Marine x9  
  166  16:14  Marine  
  166  16:15  Medivac x2  
  166  16:16  Viking  
  173  16:24  Marine  
  173  16:25  Marine x5  
  178  16:29  Terran Ship Weapons Level 2  
  178  16:30  Marine x3  
  178  16:31  Marine  
  182  16:42  Marine  
  182  16:43  Marine x2  
  182  16:45  Raven, Marine  
  182  16:46  Siege Tank, Marine x2  
  193  16:48  Marine x3, Liberator  
  193  16:49  Marine  
  200  16:56  Sensor Tower  
  200  16:58  Planetary Fortress  
  198  17:03  Medivac  
  200  17:10  Marine x3  
  197  17:16  Planetary Fortress  
  197  17:22  Terran Vehicle And Ship Armor Level 3  
  191  17:25  Raven  
  191  17:26  Raven  
  191  17:27  Marine  
  187  17:38  Siege Tank x2, Marine x7  
  196  17:45  Viking x2  
  197  17:58  Viking  
  197  18:03  Viking  
  193  18:09  Marine x2  
  193  18:10  Siege Tank  
  193  18:11  Siege Tank  
  187  18:18  Viking, Raven x2  
  187  18:19  Marine  
  183  18:20  Marine x4  
  188  18:27  Marine  
  188  18:28  Marine x4  
  188  18:30  Barracks  
  188  18:31  Barracks  
  188  18:33  Barracks  
  193  18:37  Marine x3  
  193  18:38  Refinery, Marine x2  
  198  18:43  Refinery  
  198  18:45  Marine x2  
  198  18:46  Unknown  
  193  18:55  Marine x2  
  193  19:00  Raven  
  193  19:01  Marine  
  198  19:03  Marine x2  
  198  19:07  Terran Vehicle Weapons Level 3  
  180  19:25  Viking x5  
  180  19:27  Siege Tank  
  180  19:29  Medivac  
  195  19:34  Missile Turret, Sensor Tower  
  195  19:43  Medivac, Marine  
  198  19:58  Marine  
  198  19:59  Terran Ship Weapons Level 3  
  195  20:00  Barracks Reactor  
  195  20:01  Barracks Reactor x2  
  185  20:20  Raven x2, Viking x2  
  164  20:22  Medivac x2  
  164  20:27  Siege Tank x2  
  170  20:35  Marine x2  
  170  20:36  Marine x7  
  170  20:37  Raven  
  175  20:46  Marine  
  175  20:47  Marine x6  
  182  20:50  Viking x2  
  182  20:53  Factory, Marine x3  
  182  20:54  Marine x6  
  195  20:59  Siege Tank x2  
  195  21:03  Raven x2  
  194  21:04  Marine x2  
  194  21:06  Marine x4  
  200  21:16  Command Center  
  200  21:17  Command Center  
  197  21:34  Marine  
  197  21:35  Marine x4  
  195  21:49  Sensor Tower  
  195  21:50  Marine x2  
  195  21:51  Marine x3  
  195  21:52  Sensor Tower  
  200  21:55  Factory Tech Lab  
  191  22:12  Marine  
  191  22:13  Raven x2  
  191  22:14  Viking x2  
  191  22:15  Siege Tank  
  199  22:26  Missile Turret  
  199  22:28  Missile Turret  
  191  23:03  Siege Tank x3, Marine x2  
  187  23:14  Raven x2, Viking  
  187  23:22  Marine x3  
  187  23:26  Marine x6  
  162  23:30  Marine x7  
  161  23:35  Siege Tank  
  161  23:36  Raven, Viking  
  161  23:37  Viking x2  
  161  23:40  Marine x3  
  171  23:43  Marine  
  171  23:44  Marine x3  
  171  23:48  Marine x8  
  175  23:49  Siege Tank x2, Planetary Fortress  
  175  23:53  Missile Turret  
  175  23:54  Missile Turret x2  
  189  23:57  Raven x2  
  193  24:04  Starport  
  193  24:05  Starport x2  
  193  24:09  Sensor Tower, Unknown  
  193  24:10  Marine  
  193  24:11  Marine  
  195  24:19  Raven, Marine x3  
  200  24:51  Raven  
  171  25:01  Raven x2, Starport Tech Lab x2  
  171  25:02  Starport Tech Lab  
  171  25:04  Marine x8  
  182  25:14  Marine x8  
  190  25:23  Raven x3  
  190  25:27  Command Center  
  196  25:30  Siege Tank, Command Center  
  196  25:31  Command Center  
  196  25:32  Command Center  
  191  25:55  Raven x3, Viking x2  
  193  26:45  Orbital Command x2  
  192  26:52  Siege Tank x3  
  192  26:53  Viking x5  
  164  27:12  Raven  
  164  27:13  Raven x4  
  164  27:15  Marine x10  
  142  27:16  Marine x2  
  142  27:18  Marine  
  142  27:21  Marine  
  148  27:23  Marine x2  
  148  27:29  Viking x2  
  151  27:33  Marine x11  
  157  27:37  Marine x2  
  157  27:39  Marine  
  157  27:40  Medivac  
  157  27:41  Marine x2  
  158  27:50  Marine  
  158  27:51  Medivac x2, Marine x10  
  157  27:55  Medivac, Marine x2  
  157  27:57  Marine  
  147  27:59  Marine x2  
  149  28:08  Marine x3  
  149  28:09  Marine x8  
  153  28:12  Marine  
  153  28:13  Marine  
  153  28:14  Marine  
  153  28:16  Siege Tank x2  
  153  28:17  Marine x2  
  152  28:20  Medivac x2  
  152  28:21  Orbital Command  
  152  28:26  Marine x6  
  159  28:35  Orbital Command  
  159  28:40  Orbital Command  
  159  28:41  Orbital Command  
  159  28:44  Raven  
  159  28:46  Marine  
  159  28:47  Orbital Command, Marine  
  163  28:50  SCV x3  
  166  28:58  Raven x2  
  166  28:59  Marine x10  
  166  29:02  SCV x3  
  183  29:09  SCV  
  184  29:14  SCV x3  
  187  29:21  SCV  
  186  29:28  Marine x7  
  186  29:29  Orbital Command, Siege Tank  
  192  29:40  Raven x2  
  192  29:41  Marine x6  
  196  29:52  Marine x3  
  176  30:08  Marine  
  176  30:09  Marine x10  
  176  30:11  Siege Tank x2  
  176  30:12  Orbital Command  
  188  30:30  Marine x2  
  190  30:43  Siege Tank x2  
  134  30:58  Marine x10  
  134  31:02  Marine  
  134  31:03  Marine x5  
  119  31:04  Raven  
  119  31:10  Raven  
  121  31:16  Marine x9  
  131  31:20  Marine  
  131  31:21  Marine x4  
  135  31:33  Marine  
  135  31:34  Marine x2  
  135  31:35  Marine  
  135  31:36  Marine x5  
Show
View Real Time Build Order
Export as new Build Order

HeroMarine Terran 

Build Orders:  

Get SALT Encoding   

  12  0:00  SCV  
  13  0:12  SCV  
  14  0:17  Supply Depot  
  14  0:24  SCV  
  15  0:38  SCV  
  15  0:39  Barracks  
  16  0:44  Refinery  
  16  0:50  SCV  
  16  0:54  Refinery  
  17  1:02  SCV  
  18  1:14  SCV  
  19  1:26  Reaper  
  19  1:27  Orbital Command  
  19  1:31  Supply Depot  
  20  1:42  Factory  
  20  1:52  SCV  
  21  1:58  Reaper  
  22  2:04  SCV  
  23  2:16  Command Center  
  23  2:18  SCV  
  24  2:25  Hellion  
  26  2:30  SCV, Reaper  
  26  2:36  Supply Depot  
  28  2:42  SCV  
  29  2:46  Widow Mine  
  31  2:56  Starport  
  31  2:58  SCV  
  32  3:03  Barracks Reactor  
  32  3:08  Factory Tech Lab  
  32  3:10  SCV  
  33  3:16  Refinery  
  33  3:22  SCV  
  33  3:26  Cyclone  
  37  3:28  Orbital Command  
  37  3:33  Starport Tech Lab  
  38  3:34  SCV  
  38  3:39  Marine x2  
  40  3:46  SCV  
  41  3:54  Raven, SCV  
  44  3:58  SCV  
  45  4:06  SCV  
  44  4:10  SCV  
  44  4:12  Command Center  
  44  4:15  Siege Tank  
  48  4:20  SCV  
  48  4:22  SCV, Marine x2  
  46  4:32  SCV  
  46  4:34  SCV  
  46  4:38  Raven, Supply Depot  
  48  4:44  SCV  
  51  4:46  SCV  
  51  4:49  Marine x2  
  54  4:59  SCV x2, Siege Tank  
  59  5:02  Supply Depot  
  59  5:07  Marine x2  
  59  5:11  Barracks, SCV  
  62  5:15  Supply Depot  
  62  5:24  SCV x2  
  64  5:32  Starport Reactor  
  61  5:36  SCV x2  
  61  5:37  Siege Tank, Stimpack  
  61  5:38  Marine  
  67  5:47  Refinery  
  67  5:48  SCV x2  
  69  5:57  Orbital Command  
  69  5:59  Marine  
  69  6:00  SCV x2  
  69  6:02  Engineering Bay  
  70  6:05  Engineering Bay  
  70  6:09  Medivac x2  
  70  6:10  Siege Tank  
  77  6:12  SCV x2  
  77  6:13  Marine x2  
  77  6:17  Marine  
  81  6:22  Orbital Command  
  81  6:24  SCV x2  
  83  6:30  Marine  
  83  6:31  Marine  
  83  6:32  Supply Depot, Terran Infantry Armor Level 1, Terran Infantry Weapons Level 1  
  85  6:36  SCV x2  
  85  6:37  Marine  
  91  6:47  Medivac  
  91  6:48  SCV, Medivac  
  91  6:53  SCV x2, Marine x2  
  97  6:59  Supply Depot  
  97  7:00  SCV  
  98  7:02  Marine  
  98  7:03  Supply Depot  
  98  7:05  SCV x2, Supply Depot  
  101  7:16  Combat Shield  
  101  7:21  SCV x3, Siege Tank, Marine x2  
  101  7:22  Supply Depot  
  108  7:23  Supply Depot, Marine  
  109  7:33  SCV x3  
  109  7:34  Viking x2  
  116  7:37  Supply Depot  
  116  7:38  Marine x2  
  116  7:42  Barracks  
  116  7:44  Marine  
  118  7:45  SCV x2  
  118  7:49  SCV  
  122  7:54  Siege Tank  
  122  7:56  Marine x2  
  122  7:57  SCV  
  128  7:59  Armory  
  128  8:00  SCV  
  128  8:01  SCV  
  129  8:07  Viking  
  129  8:08  Viking  
  134  8:14  Refinery x2  
  134  8:16  Sensor Tower  
  133  8:20  Barracks  
  133  8:26  SCV x2  
  133  8:27  SCV  
  136  8:29  Barracks  
  136  8:42  Marine, Barracks Reactor  
  136  8:43  Marine x2  
  136  8:44  Siege Tank  
  136  8:47  Viking x2  
  146  8:49  SCV  
  146  8:50  SCV, Command Center  
  141  9:00  SCV, Marine x2  
  141  9:01  SCV, Terran Infantry Weapons Level 2, Marine  
  146  9:03  Terran Infantry Armor Level 2  
  144  9:12  Barracks Reactor  
  144  9:17  Viking  
  144  9:18  Viking, Marine  
  144  9:23  Marine x2, Supply Depot  
  144  9:24  Supply Depot  
  151  9:25  Barracks Reactor  
  151  9:26  Marine x2  
  151  9:31  Siege Tank  
  156  9:36  Marine  
  157  9:41  Terran Vehicle Weapons Level 1  
  157  9:44  Marine x4  
  161  9:53  Marine x2  
  161  9:54  Marine  
  161  9:56  Viking x2  
  168  10:01  Marine x2  
  168  10:02  Marine x3  
  168  10:05  SCV  
  168  10:06  SCV x2  
  177  10:08  Factory  
  177  10:11  Siege Tank  
  179  10:14  Marine  
  179  10:15  Marine  
  179  10:18  SCV x3, Marine  
  179  10:19  Barracks Reactor, Marine  
  186  10:23  Starport  
  186  10:25  Starport  
  186  10:28  Marine x2, Missile Turret  
  186  10:29  Missile Turret  
  186  10:30  SCV x3  
  186  10:32  Marine  
  186  10:33  Marine x2  
  186  10:34  Marine  
  181  10:36  Marine  
  186  10:46  Marine x2, Planetary Fortress  
  186  10:49  Viking x2  
  187  10:54  Refinery  
  187  10:55  Refinery  
  187  10:58  Marine  
  187  10:59  Missile Turret, Sensor Tower  
  187  11:02  Starport Tech Lab x2  
  188  11:06  Marine  
  188  11:07  Command Center  
  188  11:08  Marine  
  188  11:17  Command Center  
  188  11:18  Terran Infantry Weapons Level 3  
  188  11:21  Terran Infantry Armor Level 3  
  188  11:23  Corvid Reactor  
  187  11:32  Command Center  
  187  11:35  Medivac  
  187  11:37  Medivac  
  187  11:38  Viking  
  188  11:49  Terran Vehicle Weapons Level 2, Supply Depot  
  188  11:50  Viking  
  189  11:54  Missile Turret  
  189  11:55  Missile Turret, Command Center  
  189  11:58  Command Center  
  187  12:07  Viking x2  
  191  12:10  Raven  
  193  12:16  Command Center  
  193  12:40  Siege Tank  
  193  12:41  Raven, Siege Tank  
  194  12:44  Marine x2  
  194  12:45  Marine  
  194  12:47  Marine x2  
  196  12:52  Marine x2  
  196  12:53  Raven  
  196  12:57  Marine  
  198  13:02  Marine x2  
  198  13:03  Marine  
  198  13:05  Marine x2  
  176  13:08  Marine x2  
  176  13:10  Marine  
  176  13:12  Viking x2, Siege Tank  
  166  13:15  Orbital Command, Command Center  
  166  13:16  Orbital Command  
  166  13:17  Marine x2  
  166  13:18  Orbital Command  
  169  13:20  Marine x2, Command Center  
  169  13:24  Raven  
  173  13:32  Marine x2  
  173  13:33  Refinery, Missile Turret  
  175  13:36  Raven  
  175  13:38  Refinery  
  177  13:42  Medivac x2, Marine x3  
  177  13:45  Starport  
  184  13:49  Planetary Fortress  
  184  13:50  Orbital Command  
  184  13:51  Marine x2  
  186  13:55  Marine  
  186  13:56  Marine x2  
  186  13:57  Marine  
  186  13:58  Missile Turret  
  190  14:04  Siege Tank x2  
  190  14:06  Marine x2  
  190  14:07  Marine  
  196  14:11  Marine  
  196  14:15  Raven  
  184  14:17  Marine x2  
  184  14:18  Marine x2  
  184  14:19  Raven, Marine x2  
  184  14:21  Viking x2  
  196  14:24  Marine x3  
  196  14:29  Orbital Command, Marine  
  200  14:37  Starport Tech Lab  
  200  14:39  Orbital Command  
  191  14:53  Siege Tank, Marine  
  191  14:54  Marine  
  191  14:55  Marine x3  
  191  14:56  Siege Tank  
  191  14:57  Viking x2  
  191  14:58  Raven x2  
  191  14:59  Marine x2  
  186  15:01  Raven  
  186  15:05  Marine x3  
  191  15:11  Marine  
  191  15:12  Marine x2  
  191  15:13  Marine  
  190  15:18  Marine x3  
  183  15:23  Marine  
  184  15:29  Marine x3  
  184  15:30  Marine x3, Command Center  
  184  15:31  Viking x2, Siege Tank x2  
  184  15:35  Planetary Fortress  
  200  15:47  Armory  
  200  15:48  Neosteel Armor, Terran Ship Weapons Level 1, Hi-Sec Auto Tracking  
  193  16:00  Marine x3  
  193  16:01  Marine x2  
  193  16:03  Siege Tank, Marine x3  
  193  16:04  Viking  
  179  16:05  Siege Tank  
  179  16:06  Viking x2  
  179  16:07  Marine x2  
  186  16:15  Viking x2  
  186  16:18  Marine x4  
  190  16:19  Marine  
  190  16:22  Marine x2  
  190  16:23  Marine  
  190  16:24  Refinery, Marine  
  190  16:25  Marine  
  199  16:29  Refinery  
  197  16:35  Siege Tank  
  200  16:43  Terran Vehicle And Ship Armor Level 1  
  189  16:50  Raven x3  
  191  17:05  Viking x2  
  191  17:06  Siege Tank  
  191  17:07  Siege Tank  
  193  17:12  Marine x2  
  193  17:15  Marine x3  
  183  17:16  Marine  
  183  17:17  Marine x2  
  183  17:20  Marine x2, Starport  
  183  17:22  Starport  
  188  17:30  Marine x2  
  188  17:33  Marine x4  
  188  17:35  Viking x2, Marine x2  
  188  17:36  Viking x2  
  198  17:37  Viking  
  200  17:50  Marine  
  190  18:10  Marine x2  
  190  18:11  Marine x2  
  182  18:17  Siege Tank  
  182  18:18  Viking x2, Raven  
  182  18:19  Raven x2, Siege Tank  
  168  18:20  Marine x2  
  168  18:21  Marine x3  
  168  18:22  Marine  
  168  18:26  Viking x2  
  178  18:28  Marine x2  
  178  18:29  Marine x2  
  182  18:37  Command Center  
  182  18:38  Marine x3  
  182  18:39  Marine x3  
  188  18:46  Refinery  
  192  18:48  Viking x2, Refinery  
  192  18:49  Siege Tank  
  192  18:54  Siege Tank  
  189  18:55  Viking  
  189  19:01  Raven  
  189  19:02  Viking x3  
  190  19:15  Marine x2  
  190  19:16  Marine  
  187  19:18  Viking x2, Marine x2  
  187  19:20  Marine x2  
  187  19:21  Siege Tank, Marine  
  187  19:22  Planetary Fortress  
  187  19:24  Marine  
  194  20:00  Siege Tank  
  197  20:07  Marine  
  197  20:09  Marine x2  
  197  20:11  Orbital Command  
  200  20:20  Raven x3  
  200  20:21  Medivac x4  
  179  20:22  Marine x2  
  179  20:24  Marine  
  179  20:25  Siege Tank, Marine  
  183  20:28  Marine x2  
  183  20:33  Orbital Command, Siege Tank  
  183  20:34  Command Center  
  188  20:35  Marine  
  188  20:38  Terran Ship Weapons Level 2, Terran Vehicle And Ship Armor Level 2  
  188  20:40  Marine x4  
  188  20:41  Marine  
  188  20:42  Marine x2  
  191  20:46  Marine x2  
  195  20:51  Medivac  
  195  20:52  Liberator  
  200  21:05  Smart Servos  
  200  21:13  Command Center  
  200  21:22  Missile Turret  
  200  21:23  Command Center  
  200  21:24  Starport Reactor, Sensor Tower  
  200  21:25  Sensor Tower  
  200  21:31  Marine x2  
  196  21:33  Raven  
  196  21:34  Raven  
  200  21:42  Viking  
  200  21:43  Viking  
  200  21:45  Viking  
  199  21:49  Marine  
  197  22:09  Siege Tank  
  184  22:23  Raven, Siege Tank  
  184  22:24  Raven x2, Viking  
  184  22:25  Viking  
  184  22:27  Marine  
  195  22:34  Marine x2  
  195  22:36  Starport Tech Lab  
  197  22:41  Siege Tank  
  200  22:52  Orbital Command  
  187  23:02  Siege Tank, Marine x10  
  187  23:03  Viking  
  187  23:04  Viking x3, Raven  
  162  23:06  Raven x2  
  162  23:12  Factory  
  164  23:13  Siege Tank  
  159  23:20  Marine x10  
  159  23:25  Viking  
  146  23:33  Viking  
  141  23:34  Siege Tank  
  141  23:38  Viking  
  141  23:40  Viking x2  
  150  23:45  Siege Tank  
  150  23:46  Marine x5  
  154  23:51  Raven  
  154  23:53  Raven  
  154  23:54  Raven  
  154  23:55  Orbital Command, Raven  
  155  23:57  Marine x2  
  155  23:59  Factory Tech Lab  
  155  24:00  Marine  
  155  24:01  Marine x2  
  160  24:03  Viking, Marine  
  160  24:04  Marine  
  160  24:06  Siege Tank, Marine x2  
  160  24:08  Viking, Marine  
  170  24:14  Marine  
  170  24:15  Marine  
  172  24:17  Viking x2, Siege Tank  
  172  24:18  Marine  
  172  24:23  Siege Tank  
  183  24:28  Marine x2  
  190  24:33  Viking  
  190  24:34  Raven  
  190  24:36  Viking x2  
  190  24:38  Viking  
  195  24:41  Command Center  
  195  24:42  Command Center  
  176  25:00  Siege Tank  
  176  25:01  Siege Tank x2, Marine  
  176  25:05  Marine x2  
  174  25:09  Marine  
  174  25:11  Marine  
  174  25:12  Marine  
  174  25:19  Marine x5  
  179  25:23  Marine  
  182  25:30  Marine  
  182  25:32  Siege Tank  
  187  25:40  Viking  
  187  25:41  Viking x2, Orbital Command  
  189  25:58  Marine x3  
  189  25:59  Marine  
  189  26:03  Siege Tank  
  196  26:04  Marine x2  
  198  26:14  SCV x2  
  198  26:18  Orbital Command  
  200  26:19  Refinery  
  200  26:20  Refinery  
  200  26:21  Orbital Command  
  200  26:30  Missile Turret x2  
  200  26:32  Refinery  
  197  26:53  Siege Tank x2, Marine x2  
  195  27:06  Marine x2  
  173  27:12  SCV  
  173  27:13  SCV, Marine  
  173  27:14  Marine x2  
  173  27:15  Marine x3  
  161  27:16  Marine x2  
  155  27:40  Viking x7  
  155  27:41  Marine  
  154  27:44  Marine  
  154  27:45  Marine  
  156  27:55  Siege Tank  
  150  28:04  Viking  
  146  28:09  Viking  
  146  28:10  Viking x2  
  146  28:11  Marine x5  
  133  28:20  Marine x3  
  133  28:27  Viking x2, Siege Tank, Medivac  
  130  28:29  Marine x5  
  141  28:38  Marine x3  
  148  28:44  Factory  
  148  28:46  Medivac x2  
  148  28:47  Marine x5  
  153  28:56  Barracks, Marine x3  
  153  28:58  Barracks  
  156  29:03  Medivac  
  156  29:04  Marine  
  156  29:05  Marine x4  
  163  29:14  Siege Tank, Marine x3  
  169  29:22  Viking x2, Marine x4  
  169  29:23  Marine  
  169  29:32  Marine x2  
  151  29:46  Siege Tank, Marine x2  
  156  29:54  Marine  
  156  29:55  Marine x5  
  162  30:04  Marine x2  
  160  30:20  Orbital Command  
  160  30:26  Viking  
  158  30:32  Viking  
  160  30:39  Siege Tank  
  163  30:44  Unknown  
  143  30:55  Marine x2  
  108  30:58  Marine x3  
  108  30:59  Marine x3  
  108  31:00  Marine  
  92  31:10  Factory Tech Lab  
  92  31:13  Marine x2  
  92  31:15  Marine  
  92  31:16  Marine x2  
  92  31:17  Siege Tank, Marine x4  
  103  31:21  SCV x4  
  103  31:24  Marine  
  108  31:31  Marine x2  
  113  31:33  Marine  
  113  31:34  Marine x2  
  113  31:35  Marine x4  

Tags
 
Add a new tag
Caveats
  • Supply blocks, unpowered buildings, or Contaminate may cause inaccurate times.
  • Supply counts are checked every 10 seconds.